 Dungeon Crawl Stone Soup version 0.31-a0-196-g86fe4a5e66 (webtiles) character file.

Game seed: 11099966969640723537

29 lessens the Sneak (level 3, -6/29 HPs)
             Began as a Formicid Delver on June 25, 2023.
             Mangled by an iguana (7 damage)
             ... on level 5 of the Dungeon.
             The game lasted 00:00:45 (158 turns).

lessens the Sneak (Formicid Delver)                  Turns: 158, Time: 00:00:45

Health: -6/29      AC:  3    Str: 18    XL:     3   Next: 32%
Magic:  3/3        EV: 12    Int:  9    God:
Gold:   10         SH:  0    Dex: 15    Spells: 2/2 levels left

rFire   . . .        a - +0 hand axe
rCold   . . .        (no shield)
rNeg    . . .        b - +0 leather armour
rPois   .            (helmet unavailable)
rElec   .            (no cloak)
rCorr   .            (no gloves)
SInv    +            (no boots)
Will    .....        (no amulet)
Stlth   +++          (no ring)
HPRegen 0.24/turn    (no ring)
MPRegen 0.08/turn

%: no passive effects
@: no status effects
A: permanent stasis, dig shafts and tunnels, antennae 3, four strong arms
a: Dig, Shaft Self


You were on level 5 of the Dungeon.
You visited 1 branch of the dungeon, and saw 1 of its levels.

You collected 10 gold pieces.

Inventory:

Hand Weapons
 a - a +0 hand axe (weapon)
Armour
 b - a +0 leather armour (worn)
Wands
 f - a wand of digging (3)
Scrolls
 c - a scroll of fog
 d - a scroll of revelation
 e - a scroll of fear
 h - a scroll of identify {unknown}
Potions
 g - a potion of cancellation {unknown}


   Skills:
 - Level 3.2 Fighting
 + Level 3.5 Axes
 - Level 1.7 Dodging
 - Level 6.0 Stealth


You had 2 spell levels left.
You didn't know any spells.
Your spell library was empty.

Dungeon Overview and Level Annotations

Branches:
Dungeon (5/15) Zot: 5837
 Temple: D:4-7

Altars:


Innate Abilities, Weirdness & Mutations

You cannot be hasted, slowed, berserked, paralysed or teleported.
You can dig through walls and to a lower floor.
You have a pair of large antennae on your head. (SInv)
Your four strong arms can wield two-handed weapons with a shield.


Message History

The iguana bites you! The iguana bites you.
You hit the iguana.
The iguana is lightly wounded.
The iguana barely misses you.
You hit the iguana.
The iguana is moderately wounded.
You hear the slow rusting of a very distant drain.
The iguana bites you!
You hit the iguana.
The iguana is moderately wounded.
The iguana barely misses you.
You hit the iguana.
The iguana is moderately wounded.
The iguana barely misses you.
You hit the iguana but do no damage.
The iguana is moderately wounded.
The iguana misses you.
You hit the iguana.
The iguana is heavily wounded.
The iguana bites you but does no damage.
You closely miss the iguana.
The iguana is heavily wounded.
The iguana completely misses you.
You closely miss the iguana.
The iguana is heavily wounded.
The iguana barely misses you. x2
You hit the iguana.
The iguana is almost dead.
The iguana barely misses you.
You hit the iguana but do no damage.
The iguana is almost dead.
The iguana bites you.
You barely miss the iguana.
The iguana is almost dead.
The iguana bites you!
* * * LOW HITPOINT WARNING * * *
You barely miss the iguana.
The iguana is almost dead.
The iguana bites you!
You die...

..
..######.....#
#..#### #..#
#####..#
#......#
#.###.## ##.#
#.# #..# #..
#@## ###.
#..l.# .#
##.... .
###### .[


You could see an iguana.

Vanquished Creatures
  A hound (D:5)
1 creature vanquished.

Notes
Turn   | Place    | Note
-------+----------+-------------------------------------------
     0 | D:5      | lessens the Formicid Delver began the quest for the Orb.
     0 | D:5      | Reached XP level 1. HP: 18/18 MP: 1/1
    18 | D:5      | Noticed a sleepcap
    40 | D:5      | Noticed a hound
    51 | D:5      | Killed a hound
    52 | D:5      | Reached XP level 2. HP: 11/24 MP: 2/2
    52 | D:5      | Reached XP level 3. HP: 13/29 MP: 3/3
   157 | D:5      | HP: 1/29 [iguana (10)]
   158 | D:5      | Mangled by an iguana

Illustrated notes

Levels and vault maps discovered:
D:5:      kennysheep_kobold_camp, layout_rooms, nicolae_uskayaw_suspiria,
          vehumet_statue, minmay_temple_entry_nine_rooms, gup_sewer_entry_bowl

Skill      XL: |  1 |
---------------+----+-----
Axes           | 3 |  3.5
Fighting       | |  3.2
Dodging        | |  1.7
Stealth        | |  6.0

Action                     || total
---------------------------++-------
  Melee: Hand axe          ||    23
         Punch             ||     1
 Armour: Leather armour    ||     4
  Dodge: Dodged            ||    16

Table legend: (Time is in decaauts)
 A = Elapsed time spent in this place.
 B = Non-inter-level travel time spent in this place.
 C = Inter-level travel time spent in this place.
 D = Time resting spent in this place.
 E = Time spent auto-exploring this place.
 F = Levels seen in this place.
 G = Mean time per level.
                   A        B        C        D        E       F      G
               +--------+--------+--------+--------+--------+-----+--------+
         Total |    161 |    161 |      0 |     47 |      0 |   1 |  161.0 |
       Dungeon |    161 |    161 |      0 |     47 |      0 |   1 |  161.0 |
               +--------+--------+--------+--------+--------+-----+--------+

Top non-repeatable levels by time:
     D:5: 161 daAuts

Levels and vault maps discovered:
D:5:      kennysheep_kobold_camp, layout_rooms, nicolae_uskayaw_suspiria,
          vehumet_statue, minmay_temple_entry_nine_rooms, gup_sewer_entry_bowl
